 Dungeon Crawl Stone Soup version 0.30-a0-371-gad7725a93e (webtiles) character file.

Game seed: 7349305571454026700

152 freelancePsychic the Ruffian (level 5, -9/52 HPs)
             Began as a Troll Transmuter on Nov 22, 2022.
             Was a Priest of Zin.
             Mangled by a mummy (17 damage)
             ... on level 4 of the Dungeon.
             The game lasted 00:03:33 (2242 turns).

freelancePsychic the Ruffian (Troll Transmuter)     Turns: 2242, Time: 00:03:34

Health: -9/52      AC:  4    Str: 18    XL:     5   Next: 11%
Magic:  5/5        EV: 10    Int:  9    God:    Zin [***...]
Gold:   127        SH:  0    Dex: 12    Spells: 5/6 levels left

rFire   . . .      SeeInvis .      - Unarmed
rCold   . . .      Faith    .    (no shield)
rNeg    . . .      Spirit   .    a - +0 robe
rPois   .          Reflect  .    (helmet restricted)
rElec   .          Harm     .    (no cloak)
rCorr   .          Rampage  .    (gloves unavailable)
Will    .....                    (boots unavailable)
Stlth   +.........               (no amulet)
HPRegen 1.08/turn                (no ring)
MPRegen 0.09/turn                (no ring)

@: no status effects
A: large, unfitting armour, claws 3, regeneration 1, shaggy fur 1, tough skin 1
a: Renounce Religion, Recite, Vitalisation, Imprison, Donate Gold


You were on level 4 of the Dungeon.
You worshipped Zin.
Zin was most pleased with you.
You visited 1 branch of the dungeon, and saw 4 of its levels.
You also visited: Ossuary.

You collected 141 gold pieces.
You donated 14 gold pieces to Zin.

Inventory:

Armour
 a - a +0 robe (worn)
Jewellery
 l - a ring of flight
 q - a ring of willpower
Scrolls
 f - 2 scrolls of immolation
 j - 2 scrolls of enchant weapon
 k - a scroll of teleportation {@r4}
 m - a scroll of vulnerability
Potions
 b - 2 potions of lignification
 c - a potion of degeneration {unknown}
 d - 2 potions of berserk rage {unknown}
 e - a potion of flight {unknown}
 g - a potion of mutation {unknown}
 i - a potion of curing {unknown}
 n - 2 potions of brilliance {unknown}
 p - a potion of haste {unknown}


   Skills:
 + Level 2.8 Fighting
 - Level 1.5 Dodging
 + Level 4.5 Unarmed Combat
 - Level 1.2 Spellcasting
 - Level 1.3 Transmutations
 + Level 0.8 Invocations


You had 5 spell levels left.
You knew the following spells:

 Your Spells              Type           Power      Damage    Failure   Level
a - Beastly Appendage     Tmut           6%         N/A       21%         1

Your spell library contained the following spells:

 Spells                   Type           Power      Damage    Failure   Level
 Wereblood                Tmut           3%         N/A       30%         2
 Spider Form              Tmut/Pois      1%         N/A       63%         3
 Ice Form                 Ice/Tmut       1%         N/A       95%         4


Dungeon Overview and Level Annotations

Branches:
Dungeon (4/15)            Ossuary (visited)
 Temple: D:4-7

Altars:
Zin


Innate Abilities, Weirdness & Mutations

You are too large for most types of armour.
You have claws for hands.
Your natural rate of healing is unusually fast.
You are covered in fur. (AC +1)
You have tough skin. (AC +1)


Message History

Zin accepts your kill. The mummy hits you.
You scratch the mummy.
The mummy is lightly damaged.
You claw the mummy!
The mummy is almost destroyed.
The mummy hits you!
* * * LOW HITPOINT WARNING * * *
The hobgoblin zombie hits you.
* * * LOW HITPOINT WARNING * * *
The mummy closely misses you. The hobgoblin zombie barely misses you.
Welcome back to the Dungeon!
There is a collapsed entrance here.
The mummy hits you.
* * * LOW HITPOINT WARNING * * *
The mummy hits you.
* * * LOW HITPOINT WARNING * * *
You scratch the mummy.
The mummy is almost destroyed.
The mummy barely misses you. The mummy hits you.
* * * LOW HITPOINT WARNING * * *
You claw the mummy!
You destroy the mummy!
Zin accepts your kill. The mummy hits you! Zin protects you from harm!
You have reached level 5!
You claw the mummy!
The mummy is moderately damaged.
The mummy hits you.
* * * LOW HITPOINT WARNING * * *
The mummy closely misses you.
You scratch the mummy. You claw the mummy.
You destroy the mummy!
Zin accepts your kill.
You scratch the mummy.
The mummy is lightly damaged.
The mummy hits you!
You die...

...#+####.# .........<# ###
..........# .. ..........#
##### .. ..........# #...##
.#
..........###..#..###.###
..............##'..#....#..
###.####.....##.##.........
#.# #....##..@##.#.#.#. ..#
#.†...##M##..# .. ....
#......###...# .. .>..
#.......#..##.$.... ..
#..>......## ......
#.........# ......
#.........# ......
#.........# ######
#........[#


You could see a mummy.

Vanquished Creatures
  A hound (D:3)
  3 mummies
  A gnoll (D:2)
  2 adders (D:2)
  3 dart slugs
  An orc (D:3)
  4 ball pythons
  5 endoplasms
  2 giant cockroaches
  2 goblins (D:3)
  5 hobgoblins
  2 jackals (D:4)
  9 kobolds
  2 quokkas
  A bat (D:1)
  4 frilled lizards (D:3)
  2 hobgoblin zombies (Ossuary)
  A kobold zombie (Ossuary)
  3 orc zombies (Ossuary)
  2 rats
55 creatures vanquished.

Notes
Turn   | Place    | Note
-------+----------+-------------------------------------------
     0 | D:1      | freelancePsychic the Troll Transmuter began the quest for
                  | the Orb.
     0 | D:1      | Reached XP level 1. HP: 18/18 MP: 1/1
    53 | D:1      | Reached skill level 1 in Fighting
   207 | D:1      | Reached XP level 2. HP: 27/27 MP: 2/2
   251 | D:1      | Found a faded altar of an unknown god.
   528 | D:1      | Prayed at the altar of an unknown god.
   528 | D:1      | Became a worshipper of Zin the Law-Giver
   528 | D:1      | Reached * piety under Zin
  1184 | D:2      | Reached XP level 3. HP: 34/35 MP: 3/3
  1237 | D:2      | Reached ** piety under Zin
  1371 | D:2      | Reached skill level 4 in Unarmed Combat
  1574 | D:3      | Reached XP level 4. HP: 37/42 MP: 4/4
  2119 | D:4      | Reached *** piety under Zin
  2177 | D:4      | Found a sand-covered staircase.
  2182 | Ossuary  | Entered an ossuary
  2239 | D:4      | Zin protects you from harm!
  2240 | D:4      | Reached XP level 5. HP: 9/50 MP: 5/5
  2242 | D:4      | Mangled by a mummy

Illustrated notes

Levels and vault maps discovered:
D:1:      dpeg_chamrin_arrival_tetris, layout_loops_ring,
          nicolae_ecumenical_lake_church, minivault_25
D:2:      minmay_angry_zag, layout_basic
D:3:      layout_loops_ring
D:4:      layout_basic, minmay_temple_entry_arrows, serial_shops, shop,
          enter_ossuary_5, uniq_blork_the_orc, uniq_natasha

Skill      XL: |  1  2  3 |
---------------+----------+-----
Fighting       | 1 2 |  2.8
Unarmed Combat | 4 |  4.5
Dodging        | |  1.5
Spellcasting   | |  1.2
Transmutations | |  1.3
Invocations    | |  0.8

Action                   |  1- 3 |  4- 6 || total
-------------------------+-------+-------++-------
Melee: Unarmed           |    91 |    88 ||   179
       Punch             |       |     3 ||     3
  Use: Scroll            |       |     6 ||     6
Armor: Robe              |    27 |    29 ||    56
Dodge: Dodged            |    37 |    44 ||    81

Table legend: (Time is in decaauts)
 A = Elapsed time spent in this place.
 B = Non-inter-level travel time spent in this place.
 C = Inter-level travel time spent in this place.
 D = Time resting spent in this place.
 E = Time spent auto-exploring this place.
 F = Levels seen in this place.
 G = Mean time per level.
                   A        B        C        D        E       F      G
               +--------+--------+--------+--------+--------+-----+--------+
         Total |   2228 |   2032 |    196 |      0 |   1561 |   5 |  445.6 |
       Dungeon |   2176 |   1980 |    196 |      0 |   1559 |   4 |  544.0 |
       Ossuary |     52 |     52 |      0 |      0 |      2 |   1 |   52.0 |
               +--------+--------+--------+--------+--------+-----+--------+

Top non-repeatable levels by time:
     D:1: 1015 daAuts
     D:3: 722 daAuts
     D:2: 361 daAuts
     D:4: 77 daAuts
 Ossuary: 52 daAuts
